Map: 트라이튼 - 래더

Players

Cure - Winner!

  • Race: Terran Terran
  • League: Master
  • Spawn Location: 11:00

llllllllllll (Oliveira)

  • Race: Terran Terran
  • League: Master
  • Spawn Location: 5:00

Event: HomeStory Cup XX

VOD

Have the link to the VOD?

Description

Time

  • Played on: Nov. 21, 2019, 7:41 a.m.
  • Length: 9:37

All games in this series

Show
View Real Time Build Order
Export as new Build Order

Cure Terran - Winner!

Build Orders:  

Get SALT Encoding   

  12  0:00  SCV  
  13  0:12  SCV  
  14  0:17  Supply Depot  
  14  0:24  SCV  
  15  0:38  SCV  
  15  0:39  Barracks  
  15  0:42  Refinery  
  16  0:50  SCV  
  17  0:57  Barracks  
  17  1:02  SCV  
  18  1:14  SCV  
  19  1:26  Reaper  
  19  1:27  Orbital Command  
  20  1:35  Supply Depot  
  20  1:44  Reaper  
  21  1:53  SCV  
  22  2:03  Reaper  
  22  2:06  SCV  
  24  2:12  Command Center  
  24  2:18  SCV  
  24  2:20  Reaper  
  26  2:24  Refinery  
  26  2:27  Supply Depot  
  26  2:30  SCV  
  27  2:40  Reaper  
  27  2:42  SCV  
  29  2:54  SCV  
  29  2:55  Reaper  
  31  3:03  Command Center  
  31  3:06  SCV  
  32  3:13  Barracks Reactor  
  32  3:19  SCV  
  32  3:27  Orbital Command  
  32  3:29  Barracks Tech Lab  
  32  3:31  SCV  
  31  3:43  SCV  
  32  3:48  Marine  
  32  3:49  Marine x2, Stimpack  
  32  3:53  Factory  
  32  3:54  SCV  
  32  3:55  SCV  
  37  4:06  SCV  
  37  4:07  Marine x3, SCV  
  40  4:17  Orbital Command  
  40  4:18  SCV  
  40  4:19  SCV  
  40  4:21  Refinery  
  41  4:25  Marine x3  
  41  4:30  SCV, Bunker  
  45  4:31  SCV  
  45  4:36  Starport  
  45  4:37  Factory Reactor  
  46  4:42  SCV  
  46  4:43  Marine x3, SCV x2  
  52  4:47  Engineering Bay  
  52  4:54  SCV  
  52  4:55  SCV x2  
  55  5:01  Marine x3  
  55  5:02  Supply Depot  
  55  5:03  Supply Depot  
  58  5:07  SCV  
  58  5:08  SCV x2  
  58  5:13  Terran Infantry Weapons Level 1  
  61  5:18  Factory Tech Lab, Medivac x2  
  61  5:19  Refinery  
  61  5:20  Marine x2  
  61  5:21  Marine  
  68  5:26  Supply Depot  
  68  5:29  Engineering Bay  
  68  5:30  Combat Shield  
  68  5:37  Supply Depot  
  68  5:38  Marine x3  
  68  5:41  SCV x2  
  65  5:46  Siege Tank  
  68  5:56  Marine x3, Barracks  
  71  5:57  Barracks  
  71  5:59  Terran Infantry Armor Level 1  
  71  6:08  Medivac x2, Barracks  
  75  6:13  Marine  
  75  6:14  Marine x2  
  75  6:18  Missile Turret  
  78  6:21  Siege Tank  
  78  6:22  Missile Turret  
  81  6:26  Supply Depot, SCV x3  
  81  6:31  Marine x2  
  81  6:32  Marine  
  87  6:40  Armory  
  87  6:43  Barracks Reactor  
  87  6:46  Barracks Reactor  
  87  6:47  SCV x2  
  87  6:48  SCV  
  87  6:49  Marine x2  
  87  6:50  Marine  
  87  6:53  Supply Depot  
  93  6:55  Supply Depot  
  93  6:56  Supply Depot  
  94  7:03  SCV  
  94  7:04  Siege Tank, SCV x2  
  94  7:05  Barracks Reactor  
  99  7:11  Marine x3  
  102  7:17  Supply Depot  
  102  7:18  Supply Depot  
  102  7:22  Marine x4  
  105  7:28  Marine x2  
  105  7:29  Marine  
  109  7:36  Siege Tank  
  112  7:40  Marine x4  
  116  7:46  Marine x2  
  116  7:47  Marine x3  
  121  7:57  Marine  
  121  7:58  Marine x3  
  125  8:02  Orbital Command, SCV x2  
  125  8:04  Marine x2  
  125  8:05  Marine x3  
  132  8:14  Medivac x2  
  132  8:15  Marine x2  
  132  8:16  Marine x2  
  140  8:22  Marine x3, Sensor Tower  
  140  8:26  SCV x2  
  135  8:36  Marine x5  
  135  8:39  SCV x3  
  135  8:40  Marine x3  
  145  8:44  Siege Tank  
  147  8:51  Factory, Supply Depot  
  147  8:53  Supply Depot  
  147  8:54  Marine  
  148  8:56  Refinery, Barracks Reactor  
  148  8:57  Refinery  
  148  9:00  Marine  
  149  9:09  Marine, SCV  
  149  9:11  Marine x2, SCV x2  
  149  9:15  Marine x4  
  142  9:18  Marine  
Show
View Real Time Build Order
Export as new Build Order

llllllllllll Terran 

Build Orders:  

Get SALT Encoding   

  12  0:00  SCV  
  13  0:12  SCV  
  14  0:17  Supply Depot  
  14  0:25  SCV  
  15  0:39  SCV  
  15  0:40  Barracks  
  16  0:43  Refinery  
  16  0:51  SCV  
  17  1:00  Barracks  
  17  1:03  SCV  
  18  1:15  SCV  
  19  1:27  Orbital Command, Reaper  
  19  1:31  Supply Depot  
  20  1:49  Reaper  
  20  1:53  SCV  
  22  2:04  Reaper  
  23  2:11  Command Center  
  23  2:14  SCV  
  24  2:19  Refinery  
  24  2:22  Marine  
  25  2:26  SCV  
  25  2:29  Bunker  
  26  2:36  Marine  
  27  2:38  SCV  
  27  2:43  Factory  
  28  2:50  SCV  
  29  2:57  Barracks Tech Lab  
  29  3:02  SCV  
  30  3:08  Barracks Reactor  
  30  3:14  SCV  
  31  3:25  Orbital Command  
  31  3:26  SCV  
  30  3:28  Hellion  
  30  3:31  Starport, Barracks Tech Lab  
  30  3:38  SCV  
  29  3:46  Marine x2  
  29  3:49  Marine, Stimpack  
  29  3:50  SCV  
  29  3:51  SCV  
  32  4:04  Marine x2, SCV  
  32  4:05  SCV  
  32  4:07  Marine  
  35  4:16  SCV  
  35  4:17  Siege Tank  
  35  4:18  SCV  
  35  4:21  Marine  
  35  4:22  Marine  
  40  4:24  Supply Depot  
  40  4:28  Marine, SCV  
  40  4:30  SCV  
  43  4:37  Medivac  
  45  4:39  Marine  
  45  4:44  Supply Depot  
  46  4:46  Marine, SCV  
  46  4:49  SCV  
  49  4:56  Marine  
  49  4:57  Marine  
  49  4:59  Supply Depot  
  51  5:00  SCV  
  51  5:04  SCV  
  53  5:07  Siege Tank  
  53  5:09  Starport Reactor  
  53  5:10  Marine  
  53  5:12  SCV  
  58  5:16  SCV  
  58  5:17  Marine x2  
  61  5:24  Supply Depot, SCV  
  61  5:28  Marine, Combat Shield  
  62  5:30  SCV  
  62  5:35  Marine  
  64  5:41  Marine  
  62  5:46  Marine  
  62  5:48  Medivac, SCV  
  60  5:50  SCV  
  60  5:53  Marine  
  60  5:56  Command Center  
  62  5:59  Marine  
  62  6:01  Supply Depot, SCV  
  62  6:04  Marine  
  65  6:05  SCV  
  65  6:09  Siege Tank  
  65  6:11  Marine  
  69  6:13  SCV  
  69  6:17  Marine  
  69  6:18  Engineering Bay x2  
  72  6:21  Marine, SCV  
  72  6:23  Refinery  
  74  6:29  Marine  
  72  6:33  SCV x2  
  72  6:35  Marine  
  72  6:36  Refinery  
  72  6:39  Marine, Barracks  
  76  6:43  Siege Tank  
  76  6:45  SCV x2  
  81  6:53  Terran Infantry Weapons Level 1  
  80  6:54  Marine  
  80  6:55  Marine  
  80  6:57  Command Center, SCV x2  
  84  7:03  Marine  
  84  7:07  Terran Infantry Armor Level 1  
  85  7:09  SCV  
  85  7:10  Supply Depot  
  85  7:12  Barracks x2  
  85  7:14  Marine  
  87  7:16  Marine, SCV  
  87  7:21  Siege Tank  
  87  7:22  SCV  
  93  7:29  Marine  
  94  7:31  Starport Reactor  
  94  7:33  Marine x3  
  94  7:35  SCV  
  94  7:36  SCV  
  99  7:39  Supply Depot  
  99  7:41  Supply Depot  
  99  7:43  Marine  
  100  7:48  SCV x2  
  100  7:50  Armory  
  102  8:01  Marine x3, Siege Tank  
  102  8:02  Barracks Reactor  
  102  8:05  Marine, SCV  
  110  8:07  Marine  
  110  8:08  Barracks Reactor  
  110  8:10  Supply Depot  
  111  8:16  Medivac  
  111  8:17  Medivac  
  111  8:18  Marine, SCV x2  
  118  8:23  Marine  
  118  8:25  Marine x2  
  120  8:30  SCV  
  106  8:35  Marine  
  106  8:36  Marine  
  106  8:38  Siege Tank  
  106  8:41  Marine, SCV  
  111  8:47  Marine, Sensor Tower  
  113  8:49  Marine x2  
  113  8:51  Marine x2  
  117  8:56  Supply Depot  
  117  9:05  Orbital Command  
  117  9:07  Marine x2  
  119  9:14  Marine  
  119  9:15  Marine  
  119  9:16  Marine  
  97  9:17  Marine  
  97  9:19  Marine  
Tags
 
Add a new tag
Caveats
  • Supply blocks, unpowered buildings, or Contaminate may cause inaccurate times.
  • Supply counts are checked every 10 seconds.